 Dungeon Crawl Stone Soup version 0.28-a0-519-gbfeecf2fc5 (webtiles) character file.

Game seed: 11226099522590454799

232 demibob the Slasher (level 5, -1/43 HPs)
             Began as a Demonspawn Chaos Knight on Sept 23, 2021.
             Was a Plaything of Xom.
             Slain by a scorpion (7 damage)
             ... on level 4 of the Dungeon.
             The game lasted 00:05:17 (3298 turns).

demibob the Slasher (Demonspawn Chaos Knight)       Turns: 3298, Time: 00:05:18

Health: -1/43      AC:  7    Str: 13    XL:     5   Next: 73%
Magic:  6/6        EV: 11    Int: 18    God:    Xom [.....*]
Gold:   145        SH:  0    Dex: 14    Spells: 2/6 levels left

rFire   . . .      SeeInvis .   a - +0 falchion (chaos)
rCold   . . .      Faith    .   (no shield)
rNeg    . . .      Spirit   .   b - +3 leather armour
rPois   .          Reflect  .   (no helmet)
rElec   .          Harm     .   (no cloak)
rCorr   .          Rampage  .   o - +0 pair of gloves
Will    .....                   (no boots)
Stlth   +.........              (no amulet)
HPRegen 0.14/turn               (no ring)
MPRegen 0.10/turn               (no ring)

@: lethally poisoned (-1 -> -10), flying, studying Fighting
A: big brain 2, agile 1
a: Renounce Religion


You were on level 4 of the Dungeon.
You worshipped Xom.
You were Xom's teddy bear.
You visited 1 branch of the dungeon, and saw 4 of its levels.

You collected 145 gold pieces.


Innate Abilities, Weirdness & Mutations

You have an extremely huge brain. (Int +4)
You are agile. (Dex +2)


   Skills:
 + Level 4.4 Fighting
 + Level 4.9 Long Blades
 - Level 1.7 Armour
 - Level 0.8 Dodging
 - Level 1.1 Spellcasting
 + Level 2.2 Necromancy


You had 2 spell levels left.
You knew the following spells:

 Your Spells              Type           Power      Damage    Failure   Level
a - Animate Skeleton      Necr           18%        N/A       10%         1
v - Vampiric Draining     Necr           4%         2d6       30%         3

Your spell library contained the following spells:

 Spells                   Type           Power      Damage    Failure   Level
 Pain                     Necr           36%        1d5       10%         1
 Beastly Appendage        Tmut           0%         N/A       26%         1
 Wereblood                Tmut           0%         N/A       36%         2
 Spider Form              Tmut/Pois      0%         N/A       58%         3

Inventory:

Hand Weapons
 a - a +0 falchion of chaos (weapon)
 g - a +3 short sword
Armour
 b - a +3 leather armour (worn)
 o - a +0 pair of gloves (worn)
Scrolls
 i - a scroll of amnesia {unknown}
 n - a scroll of identify {@r1}
Potions
 c - a potion of magic {unknown}
 d - a potion of might {unknown}
 e - a potion of flight
 f - 3 potions of haste {@q3}
 h - 2 potions of lignification
 j - a potion of curing {unknown}
 k - a potion of brilliance {unknown}
 m - a potion of degeneration {unknown}

Dungeon Overview and Level Annotations

Branches:
Dungeon (4/15)
 Temple: D:4-7

Altars:
Xom
Zin

Shops:
D:1

? #.# #.##### #.#
#.# #.# #.# #.#
#.# #.# #.# #.#
#.# #.# #######
#.# ##
#.####.....####.#
#.
#........@{...#.#
#.
######!....##.#.#
#. #.....# #.# #.
#.....# #.# #.
#.....# #.# #.
#.....#
#.#########.
#.)...#
#.##.....†..
#######
#.##.#######
#.##........


There were no monsters in sight!


Message History

A scorpion is nearby!
A scorpion is nearby!
You hit the scorpion.
The scorpion flickers and vanishes!
Deactivating autopickup; reactivate with Ctrl-A.
Something stings you.
You hit something. You burn something. Something stings you.
Something stings you!
You barely miss something. Something stings you.
* * * LOW HITPOINT WARNING * * *
You are poisoned.
Something poisons you!
You barely miss something.
You feel sick. Something stings you.
* * * LOW HITPOINT WARNING * * *
You barely miss something.
You feel sick. Something stings you.
* * * LOW HITPOINT WARNING * * *
You hit something.
You feel better.
You feel sick. Something stings you.
* * * LOW HITPOINT WARNING * * *
You are lethally poisoned!
Something poisons you! Something stings you.
* * * LOW HITPOINT WARNING * * *
It was a potion of flight.
You feel very buoyant.
You fly up into the air.
Xom roars with laughter!
* * * LOW HITPOINT WARNING * * *
You feel very sick. Something stings you!
You die... "This toy is broken."

Skill      XL: |  1  2  3  4  5 |
---------------+----------------+-----
Long Blades    | 3 4 |  4.9
Spellcasting   | 1 |  1.1
Necromancy     | 1 2 |  2.2
Fighting       | 4 |  4.4
Armour         | |  1.7
Dodging        | |  0.8

Action                   |  1- 3 |  4- 6 || total
-------------------------+-------+-------++-------
Melee: Falchion          |   125 |   108 ||   233
  Use: Scroll            |     2 |     4 ||     6
       Potion            |       |     1 ||     1
 Stab: Sleeping          |     1 |       ||     1
Armor: Leather armour    |    56 |    41 ||    97
Dodge: Dodged            |    93 |    49 ||   142

Levels and vault maps discovered:
D:1:      matt_arrival_debris, layout_basic, serial_shops, shop_fountains,
          dilly_ecumenical_altar_fadedgnrine, minmay_misc_feat_nine_boxes
D:2:      layout_rooms, minmay_fountain_box
D:3:      layout_loops_cross, mainiacjoe_overflow_cross_hatched,
          serial_park_tiny_2, kennysheep_generic_room_10
D:4:      layout_basic

Notes
Turn   | Place    | Note
-------+----------+-------------------------------------------
     0 | D:1      | demibob the Demonspawn Chaos Knight began the quest for the
                  | Orb.
     0 | D:1      | Reached XP level 1. HP: 18/18 MP: 1/1
    76 | D:1      | Reached skill level 3 in Long Blades
    93 | D:1      | XOM: silly message
   192 | D:1      | Gained mutation: You have an unusually large brain. (Int
                  | +2) [demonic ancestry]
   192 | D:1      | Reached XP level 2. HP: 22/24 MP: 2/2
   901 | D:1      | Found Fewimetsoxy's Magic Scroll Emporium.
  1008 | D:1      | XOM: divination: detect items
  1009 | D:1      | XOM: silly message
  1073 | D:1      | Found a faded altar of an unknown god.
  1119 | D:1      | Reached XP level 3. HP: 24/29 MP: 3/3
  1313 | D:2      | Reached skill level 4 in Long Blades
  1359 | D:2      | Learned a level 1 spell: Animate Skeleton
  1627 | D:2      | Gained mutation: You have an extremely huge brain. (Int +4)
                  | [demonic ancestry]
  1627 | D:2      | Reached XP level 4. HP: 30/35 MP: 3/5
  1755 | D:2      | Reached skill level 1 in Spellcasting
  1838 | D:2      | XOM: silly message
  1866 | D:2      | XOM: divination: magic mapping
  2061 | D:3      | Identified a scroll of acquirement
  2061 | D:3      | Acquired a manual of Fighting
  2176 | D:3      | XOM: scenery: create altars
  2499 | D:3      | XOM: cast spell 'Leda's Liquefaction'
  2543 | D:3      | XOM: god gift: book of Changes
  2549 | D:3      | Learned a level 3 spell: Vampiric Draining
  2559 | D:3      | XOM: scenery: create altars
  2573 | D:3      | Reached skill level 1 in Necromancy
  2606 | D:3      | XOM: give mutation
  2606 | D:3      | Gained mutation: You are agile. (Dex +2) [Xom's mischief]
  2852 | D:4      | XOM: noise
  2871 | D:4      | Noticed a necrophage
  2876 | D:4      | Killed a necrophage
  2877 | D:4      | Reached skill level 4 in Fighting
  2877 | D:4      | Reached XP level 5. HP: 39/42 MP: 6/6
  2878 | D:4      | Reached skill level 2 in Necromancy
  3056 | D:4      | XOM: summons 3 hostile demons
  3095 | D:4      | XOM: 4-stop teleportation journey
  3274 | D:4      | XOM: 3-stop teleportation journey
  3298 | D:4      | Slain by a scorpion

Vanquished Creatures
  A necrophage (D:4)
  An iguana (D:4)
  A howler monkey zombie (D:3)
  5 adders
  An orc (D:3)
  10 ball pythons
  9 bats
  9 endoplasms
  4 giant cockroaches
  4 goblins
  4 hobgoblins
  2 jackals (D:3)
  5 kobolds
  2 quokkas
  4 frilled lizards
  5 rats
67 creatures vanquished.

Table legend: (Time is in decaauts)
 A = Elapsed time spent in this place.
 B = Non-inter-level travel time spent in this place.
 C = Inter-level travel time spent in this place.
 D = Time resting spent in this place.
 E = Time spent auto-exploring this place.
 F = Levels seen in this place.
 G = Mean time per level.
                   A        B        C        D        E       F      G
               +--------+--------+--------+--------+--------+-----+--------+
         Total |   3330 |   3277 |     53 |    449 |   2285 |   4 |  832.5 |
       Dungeon |   3330 |   3277 |     53 |    449 |   2285 |   4 |  832.5 |
               +--------+--------+--------+--------+--------+-----+--------+

Top non-repeatable levels by time:
     D:1: 1268 daAuts
     D:3: 786 daAuts
     D:2: 746 daAuts
     D:4: 529 daAuts

Table legend:
 A = Non-vault XP
 B = Vault XP
 C = Vault XP percentage of total XP
 D = Non-vault monster count
 E = Vault monster count
 F = Vault count percentage of total count
                 A         B        C        D         E       F
            +---------+---------+-------+---------+---------+-------
      Total |     319 |      13 |   3.9 |      66 |       1 |   1.5
            +---------+---------+-------+---------+---------+-------
        D:1 |      47 |       0 |   0.0 |      27 |       0 |   0.0
        D:2 |      63 |       0 |   0.0 |      20 |       0 |   0.0
        D:3 |      49 |      13 |  21.0 |      13 |       1 |   7.1
        D:4 |     160 |       0 |   0.0 |       6 |       0 |   0.0
            +---------+---------+-------+---------+---------+-------
